 Dungeon Sprint DCSS version 0.28.0-53-g5a82cb258f (webtiles) character file.

Game seed: 16143132819360249996

295 Zeld the Fighter (level 6, -5/63 HPs)
             Began as a Minotaur Berserker on June 12, 2022.
             Was a Believer of Trog.
             Slain by a slime creature (15 damage)
             ... in the Dungeon (Sprint I: "Red Sonja").
             The game lasted 00:00:30 (552 turns).

Zeld the Fighter (Minotaur Berserker)                Turns: 552, Time: 00:00:31

Health: -5/63      AC:  2    Str: 24    XL:     6   Next: 11%
Magic:  5/5        EV: 13    Int:  4    God:    Trog [**....]
Gold:   162        SH:  0    Dex:  9    Spells: 5/5 levels left

rFire   . . .      SeeInvis .   j - +2 scythe (vorpal)
rCold   . . .      Faith    .   (shield currently unavailable)
rNeg    . . .      Spirit   .   b - +0 animal skin
rPois   .          Reflect  .   (helmet restricted)
rElec   .          Harm     .   (no cloak)
rCorr   .          Rampage  .   (no gloves)
Will    .....      NoTele   +   (no boots)
Stlth   +.........              (no amulet)
HPRegen 0.20/turn               (no ring)
MPRegen 0.09/turn               (no ring)

@: no status effects
A: horns 2, retaliatory headbutt
a: Renounce Religion, Berserk, Trog's Hand


You were in the Dungeon.
You worshipped Trog.
Trog was pleased with you.
You visited 1 branch You collected 162 gold pieces.

Inventory:

Hand Weapons
 a - a +0 hand axe
 j - a +2 vorpal scythe (weapon)
Armour
 b - a +0 animal skin (worn)
Wands
 i - a wand of paralysis (8)
Scrolls
 h - a scroll of blinking
Potions
 c - 2 potions of curing
 d - 2 potions of heal wounds
 e - a potion of haste
 f - 2 potions of magic
 g - a potion of berserk rage


   Skills:
 * Level 9.1 Fighting
 * Level 9.1 Axes
 + Level 6.4 Armour
 + Level 5.8 Dodging
 + Level 3.6 Evocations


You had 5 spell levels left.
You didn't know any spells.
Your spell library was empty.

Dungeon Overview and Level Annotations

Branches:
Dungeon (1/1)

Altars:
Makhleb
Sif Muna
Wu Jian
Xom
Jiyva
Lugonu


Innate Abilities, Weirdness & Mutations

You have a pair of horns on your head.
You reflexively headbutt those who attack you in melee.


Message History

You now have 162 gold pieces (gained 27).
As you open the door, it creaks loudly!
A slime creature comes into view.
The slime creature quivers.
Found four altars.
A jelly comes into view.
The slime creature barely misses you.
There is an open door here.
You barely miss the slime creature.
The jelly quivers.
The slime creature closely misses you. You furiously retaliate!
You headbutt the slime creature.
The slime creature hits you but does no damage.
You slash the slime creature!
The slime creature is moderately wounded.
The slime creature hits you.
You slash the slime creature!
The slime creature is heavily wounded.
The slime creature completely misses you.
You furiously retaliate!
You headbutt the slime creature. The slime creature hits you.
You slash the slime creature!
The slime creature is severely wounded.
The jelly misses you. The slime creature hits you!! The jelly hits you.
You are splashed with acid!
The slime creature jiggles.
The slime creature hits you!
* * * LOW HITPOINT WARNING * * *
The jelly misses you.
There is an open door here.
You slash the jelly!
You kill the jelly!
Trog accepts your kill.
Your Fighting skill increases to level 9!
Your Axes skill increases to level 9!
You have reached level 6!
You completely miss the slime creature.
The slime creature is severely wounded.
The slime creature hits you!
You die...

###################
#<.#..)..#.@J..#__#
#..').#..'[.#..'..+
#..#####'#####'#__#
#..# #..# #$####
#..# #### #?# #..#
_.+ #⌠⌠# ._# ####
.#+# +


You could see a slime creature.

Vanquished Creatures
  Sigmund (D)
  An ogre (D)
  A jelly (D)
  Ijyb (D)
4 creatures vanquished.

Notes
Turn   | Place    | Note
-------+----------+-------------------------------------------
     0 | D        | Zeld the Minotaur Berserker began the quest for the Orb.
     0 | D        | Reached XP level 1. HP: 19/19 MP: 0/0
     1 | D        | Noticed Ijyb
     5 | D        | Paralysed by Ijyb for 2 turns
     8 | D        | Killed Ijyb
     9 | D        | Reached skill level 5 in Fighting
     9 | D        | Reached skill level 5 in Axes
     9 | D        | Reached XP level 2. HP: 29/29 MP: 1/1
    60 | D        | Noticed an ogre
    64 | D        | Killed an ogre
    65 | D        | Reached XP level 3. HP: 10/39 MP: 2/2
    65 | D        | Reached XP level 4. HP: 12/47 MP: 3/3
   420 | D        | Noticed Sigmund
   433 | D        | Killed Sigmund
   433 | D        | Reached ** piety under Trog
   434 | D        | Reached skill level 5 in Dodging
   434 | D        | Reached XP level 5. HP: 56/56 MP: 4/4
   537 | D        | Found an ornate altar of the Wu Jian Council.
   537 | D        | Found a shimmering blue altar of Sif Muna.
   541 | D        | Found a burning altar of Makhleb.
   541 | D        | Found a viscous altar of Jiyva.
   541 | D        | Found a shimmering altar of Xom.
   541 | D        | Found a corrupted altar of Lugonu.
   541 | D        | Noticed a slime creature
   552 | D        | Reached XP level 6. HP: 9/63 MP: 5/5
   552 | D        | Slain by a slime creature

Illustrated notes

Levels and vault maps discovered:
D:        dungeon_sprint_1 [red_sonja_temple_1, red_sonja_temple_small_1]

Skill      XL: |  1  2  3  4  5 |
---------------+----------------+-----
Fighting       | 5 7 8 9 |  9.1
Axes           | 5 7 8 9 |  9.1
Armour         | 3 4 6 |  6.4
Dodging        | 3 4 5 |  5.8
Evocations     | 2 3 |  3.6

Action                   |  1- 3 |  4- 6 || total
-------------------------+-------+-------++-------
Melee: Hand axe          |     6 |    10 ||    16
       Headbutt          |     1 |       ||     1
       Scythe            |       |     6 ||     6
Invok: Berserk           |     2 |     1 ||     3
Armor: Animal skin       |       |     1 ||     1
Dodge: Dodged            |       |     9 ||     9
